 Dungeon Crawl Stone Soup version 0.28.0-47-ge53b351184 (webtiles) character file.

Game seed: 5955806564529528184

44 Descartes the Grasshopper (level 3, 0/27 HPs)
             Began as a Formicid Warper on May 8, 2022.
             Slain by a hound (4 damage)
             ... on level 2 of the Dungeon on May 9, 2022.
             The game lasted 00:03:04 (2237 turns).

Descartes the Grasshopper (Formicid Warper)         Turns: 2237, Time: 00:03:04

Health: 0/27       AC:  3    Str: 17    XL:     3   Next: 85%
Magic:  6/6        EV: 12    Int: 12    God:
Gold:   82         SH:  0    Dex: 10    Spells: 6/6 levels left

rFire   . . .      SeeInvis +   a - +0 mace
rCold   . . .      Faith    .   (no shield)
rNeg    . . .      Spirit   .   h - +1 robe {Will+}
rPois   .          Reflect  .   (helmet unavailable)
rElec   .          Harm     .   (no cloak)
rCorr   .          Rampage  .   (no gloves)
Will    +....                   (no boots)
Stlth   +.........              (no amulet)
HPRegen 0.09/turn               (no ring)
MPRegen 0.10/turn               (no ring)

@: no status effects
A: permanent stasis, dig shafts and tunnels, antennae 3, four strong arms
a: Dig, Shaft Self


You were on level 2 of the Dungeon.
You visited 1 branch of the dungeon, and saw 3 of its levels.

You collected 82 gold pieces.

Inventory:

Hand Weapons
 a - a +0 mace (weapon)
Missiles
 c - 5 boomerangs of dispersal (quivered)
 j - 17 bolts
 k - 48 sling bullets
 l - 27 stones
 m - 5 poisoned darts
Armour
 b - a +0 leather armour
 h - a +1 robe of willpower (worn)
Wands
 p - a wand of charming (14)
Scrolls
 d - a scroll of magic mapping {unknown}
 f - a scroll of fog {unknown}
 g - a scroll of vulnerability {unknown}
 o - a scroll of noise {unknown}
 q - a scroll of teleportation {unknown}
 r - a scroll of identify {unknown}
Potions
 e - a potion of curing {unknown}
 i - a potion of resistance {unknown}
 n - 2 potions of berserk rage {unknown}


   Skills:
 - Level 2.1 Fighting
 + Level 2.5 Maces & Flails
 - Level 1.0 Throwing
 + Level 2.0 Armour
 - Level 1.7 Dodging
 + Level 1.7 Shields
 - Level 2.1 Spellcasting
 + Level 3.1 Translocations


You had 6 spell levels left.
You didn't know any spells.
Your spell library contained the following spells:

 Spells                   Type           Power      Damage    Failure   Level
 Gell's Gravitas          Tloc           8%         N/A       22%         3
 Lesser Beckoning         Tloc           8%         N/A       22%         3
 Teleport Other           Tloc           8%         N/A       22%         3
 Manifold Assault         Tloc           8%         N/A       91%         5
 Blink                    Tloc           Unusable   N/A       N/A         2

Dungeon Overview and Level Annotations

Branches:
Dungeon (3/15)

Altars:
Xom


Innate Abilities, Weirdness & Mutations

You cannot be hasted, slowed, berserked, paralysed or teleported.
You can dig through walls and to a lower floor.
You have a pair of large antennae on your head. (SInv)
Your four strong arms can wield two-handed weapons with a shield.


Message History

The hound bites you. The hound bites you but does no damage.
The bat closely misses you.
You closely miss the hound.
The hound is lightly wounded.
The bat hits you but does no damage. The hound bites you but does no damage.
The hound closely misses you. The hound barely misses you. The hound bites you.
You hit the hound.
The hound is lightly wounded.
The hound barely misses you. The hound closely misses you.
The hound bites you but does no damage. The hound barely misses you.
You hit the hound.
The hound is moderately wounded.
The hound bites you. The hound closely misses you. The hound bites you.
The hound barely misses you. The black bear closely misses you.
The black bear claws you.
* * * LOW HITPOINT WARNING * * *
The black bear barely misses you. The hound bites you but does no damage.
The hound barely misses you. The hound barely misses you.
The bat barely misses you.
There is a stone staircase leading up here.
The bat hits you but does no damage. The hound bites you but does no damage.
The hound bites you.
* * * LOW HITPOINT WARNING * * *
The hound barely misses you.
You climb upwards.
There is a stone staircase leading down here.
You hit the hound.
The hound is moderately wounded.
The hound bites you but does no damage.
You barely miss the hound.
The hound is moderately wounded.
The hound closely misses you. The hound bites you.
* * * LOW HITPOINT WARNING * * *
You hit the hound.
The hound is heavily wounded.
The hound bites you.
* * * LOW HITPOINT WARNING * * *
The hound bites you.
You die...

#...# #.............######......
###.####..#####.............#####
###..##..............########
#....##.#.#####..#..## #
........#.......###..# ##
......######....####.# #.
.........###.#.......# #.
.......#....<....h..)## #.
.....#..........@.....# ######.
....#####..##....####.# #......
.#### #...<.####...##.### #.#####
.# #.###.....##......###.#####
#######..........................
...รท.....#######.####.####..#####
#######.## #.......###...# ####
#.# #............## ...# #.#
#..........#.#


You could see a hound.

Vanquished Creatures
  A worm (D:2)
  4 bats
  An endoplasm (D:1)
  A giant cockroach (D:1)
  3 hobgoblins (D:2)
  7 jackals (D:2)
  2 kobolds
  A quokka (D:1)
  4 ball pythons
  3 frilled lizards
  4 goblins
  4 rats
35 creatures vanquished.

Notes
Turn   | Place    | Note
-------+----------+-------------------------------------------
     0 | D:1      | Descartes the Formicid Warper began the quest for the Orb.
     0 | D:1      | Reached XP level 1. HP: 16/16 MP: 3/3
   450 | D:1      | Reached XP level 2. HP: 21/22 MP: 5/5
   779 | D:1      | Reached skill level 1 in Shields
  1079 | D:2      | Reached XP level 3. HP: 22/27 MP: 6/6
  1155 | D:2      | Reached skill level 3 in Translocations
  2222 | D:3      | Found a shimmering altar of Xom.
  2223 | D:3      | Noticed a black bear
  2237 | D:2      | Slain by a hound

Illustrated notes

Levels and vault maps discovered:
D:1:      ebering_trefoil_twist, layout_rooms
D:2:      layout_rooms, kennysheep_another_room, minmay_misc_feat_rows
D:3:      layout_basic, xom_teletrap_fun

Skill      XL: |  1  2  3 |
---------------+----------+-----
Shields        | 1 |  1.7
Translocations | 3 |  3.1
Armour         | 2 |  2.0
Fighting       | |  2.1
Maces & Flails | |  2.5
Throwing       | |  1.0
Dodging        | |  1.7
Spellcasting   | |  2.1

Action                   || total
-------------------------++-------
Melee: Mace              ||   127
       Punch             ||     1
Armor: Leather armour    ||     4
       Robe              ||    40
Dodge: Dodged            ||   142
